 Dungeon Crawl Stone Soup version 0.28-a0-97-g102d6777a4 (webtiles) character file.

Game seed: 14574799905962538882

212 pokeman the Magician (level 5, -5/29 HPs)
             Began as a Deep Elf Hedge Wizard on Aug 9, 2021.
             Slain by Ijyb (8 damage)
             ... on level 4 of the Dungeon.
             The game lasted 00:09:24 (3663 turns).

pokeman the Magician (Deep Elf Hedge Wizard)        Turns: 3663, Time: 00:09:24

Health: -5/29      AC:  4    Str:  7    XL:     5   Next: 58%
Magic:  2/15       EV: 12    Int: 20    God:
Gold:   117        SH:  0    Dex: 14    Spells: 5/16 levels left

rFire   . . .      SeeInvis .   j - staff of conjuration
rCold   . . .      Faith    .   (no shield)
rNeg    . . .      Spirit   .   g - +0 leather armour
rPois   .          Reflect  .   c - +0 hat
rElec   .          Harm     .   (no cloak)
rCorr   .          Rampage  .   h - +0 pair of gloves
Will    .....                   (no boots)
Stlth   +.........              (no amulet)
HPRegen 0.09/turn               (no ring)
MPRegen 0.14/turn               (no ring)

@: confused, very slightly contaminated
A: no striking features
a: no special abilities


You were on level 4 of the Dungeon.
You visited 1 branch of the dungeon, and saw 4 of its levels.

You collected 117 gold pieces.

Inventory:

Missiles
 i - 42 arrows
 t - 14 bolts
Armour
 c - a +0 hat (worn)
 g - a +0 leather armour (worn)
 h - a +0 pair of gloves (worn)
Magical Staves
 j - a staff of conjuration (weapon)
Scrolls
 a - a scroll of silence {unknown}
 d - a scroll of summoning {unknown}
 f - 2 scrolls of identify {unknown}
 k - a scroll of enchant armour {unknown}
 o - a scroll of magic mapping {unknown}
 p - 3 scrolls of amnesia {unknown}
 r - a scroll of teleportation {unknown}
Potions
 b - a potion of resistance {unknown}
 e - a potion of mutation {unknown}
 l - 2 potions of brilliance {unknown}
 m - a potion of degeneration {unknown}
 n - a potion of curing {unknown}
 q - a potion of attraction {unknown}
 s - a potion of heal wounds {unknown}


   Skills:
 - Level 1.0 Fighting
 - Level 1.0 Armour
 - Level 3.0 Dodging
 - Level 3.0 Stealth
 * Level 6.4 Spellcasting
 + Level 2.7 Conjurations
 - Level 1.1 Summonings
 - Level 1.1 Translocations
 - Level 1.0 Fire Magic
 + Level 0.2 Air Magic
 + Level 0.2 Poison Magic
 - Level 1.0 Evocations


You had 5 spell levels left.
You knew the following spells:

 Your Spells              Type           Power      Damage    Failure   Level
a - Magic Dart            Conj           100%       1d8       4%          1
b - Mephitic Cloud        Conj/Pois/Air  16%        N/A       28%         3
c - Call Imp              Summ           10%        N/A       14%         2
d - Blink                 Tloc           N/A        N/A       14%         2
e - Conjure Flame         Conj/Fire      21%        6-21      21%         3

Your spell library contained the following spells:

 Spells                   Type           Power      Damage    Failure   Level
 Slow                     Hex            6%         N/A       22%         2


Dungeon Overview and Level Annotations

Branches:
Dungeon (3/15)

Altars:
Qazlal

Shops:
D:1 =

Annotations:
D:4 Ijyb


Message History

Unknown command.
Casting: Magic Dart (safe; 4% risk of failure)
Confirm with . or Enter, or press ? or * to list all spells.
You can't see any susceptible monsters within range! (Use Z to cast anyway.) Unknown command.
Your magical contamination has completely faded away.
Ijyb the Twisted Goblin comes into view.
She is wielding a +4 club and carrying a wand of charming (3).
Ijyb shouts!
Ijyb zaps a wand.
You resist with some effort.
Casting: Magic Dart (safe; 4% risk of failure)
Confirm with . or Enter, or press ? or * to list all spells.
The spell is quite dangerous to cast (21% risk of failure)!
Continue anyway?
You feel a surge of power!
You miscast Conjure Flame.
You are very lightly contaminated with residual magic.
Nothing appears to happen.
Casting: Conjure Flame (quite dangerous; 21% risk of failure)
Confirm with . or Enter, or press ? or * to list all spells.
The spell is quite dangerous to cast (21% risk of failure)!
Continue anyway?
You feel a surge of power!
The fire begins to smoulder!
The fire ignites!
Casting: Conjure Flame (quite dangerous; 21% risk of failure)
Confirm with . or Enter, or press ? or * to list all spells.
The spell is extremely dangerous to cast (28% risk of failure)!
Continue anyway?
Aiming: Mephitic Cloud (extremely dangerous; 28% risk of failure)
Press: ? - help, Shift-Dir - straight line, f - Ijyb
Aim: Ijyb, wielding a +4 club, wearing a +0 leather armour and carrying a wand of charming (2) (chance to affect: 86%)
You feel a surge of power!
You miscast Mephitic Cloud.
Nothing appears to happen.
Ijyb screams, "I no like you!"
Ijyb zaps a wand.
Your will is overpowered!
You are confused.
You are engulfed in blazing flames.
Ijyb barely misses you.
Ijyb zaps a wand.
Your will is overpowered!
You are more confused.
The now-empty wand crumbles to dust.
Ijyb hits you with a +4 club.
You barely miss Ijyb. Ijyb hits you with a +4 club!
* * * LOW HITPOINT WARNING * * *
Ijyb hits you with a +4 club!
You die...

###### .....#
.....###############
............>......#
..............#ยง...#
..##.....g....#..g.# .
#..........#.@..#
#..........#....#
#..........#....#
#..........#....########
..#######...+...........#
.## #)###.....#####.#
#.###.....# #.#.+.....#
#.#.#....##


You could see Ijyb.

Vanquished Creatures
  An ogre (D:4)
  A hound skeleton (D:4)
  A mummy (D:4)
  2 adders
  3 worms
  A dart slug (D:1)
  8 bats
  5 endoplasms (D:2)
  5 giant cockroaches
  4 goblins
  10 hobgoblins
  4 jackals (D:3)
  3 quokkas
  7 ball pythons
  6 frilled lizards
  A hobgoblin zombie (D:4)
  9 kobolds
  A kobold zombie (D:4)
  2 orc zombies (D:4)
  3 rats
77 creatures vanquished.

Notes
Turn   | Place    | Note
-------+----------+-------------------------------------------
     0 | D:1      | pokeman the Deep Elf Hedge Wizard began the quest for the
                  | Orb.
     0 | D:1      | Reached XP level 1. HP: 10/10 MP: 7/7
     2 | D:1      | Noticed a merfolk
     2 | D:1      | Noticed a palentonga
     4 | D:1      | Noticed a draconian
     4 | D:1      | Noticed a spriggan
     6 | D:1      | Noticed a gargoyle
     6 | D:1      | Noticed an elf
     8 | D:1      | Noticed a minotaur
    10 | D:1      | Noticed a djinni
    10 | D:1      | Noticed a vine stalker
    12 | D:1      | Noticed an ogre
    14 | D:1      | Noticed a demigod
    14 | D:1      | Noticed a troll
    16 | D:1      | Noticed a demonspawn
    16 | D:1      | Noticed a tengu
    18 | D:1      | Noticed a ghoul
    18 | D:1      | Noticed a naga
    20 | D:1      | Noticed a vampire
    22 | D:1      | Noticed a formicid
    22 | D:1      | Noticed a dwarf
    24 | D:1      | Noticed a barachi
    24 | D:1      | Noticed a felid
    26 | D:1      | Noticed a human
    26 | D:1      | Noticed an octopode
   310 | D:1      | Reached XP level 2. HP: 15/15 MP: 3/9
   618 | D:1      | Found a faded altar of an unknown god.
   659 | D:1      | Found Qiats's Jewellery Shop.
   875 | D:1      | Reached skill level 5 in Spellcasting
  1404 | D:2      | Reached XP level 3. HP: 16/20 MP: 6/11
  1408 | D:2      | Learned a level 3 spell: Mephitic Cloud
  1411 | D:2      | Learned a level 2 spell: Call Imp
  1414 | D:2      | Learned a level 2 spell: Blink
  1418 | D:2      | Learned a level 3 spell: Conjure Flame
  1862 | D:2      | Reached skill level 1 in Armour
  2170 | D:2      | Reached skill level 1 in Fighting
  2570 | D:2      | Reached XP level 4. HP: 25/25 MP: 10/13
  3370 | D:3      | You fall into a shaft and drop 1 floor!
  3398 | D:4      | Reached skill level 1 in Fire Magic
  3493 | D:4      | Noticed an ogre
  3499 | D:4      | Killed an ogre
  3500 | D:4      | Reached skill level 6 in Spellcasting
  3500 | D:4      | Reached skill level 1 in Evocations
  3500 | D:4      | Reached XP level 5. HP: 29/29 MP: 7/15
  3559 | D:4      | Found a stormy altar of Qazlal.
  3646 | D:4      | Noticed Ijyb
  3663 | D:4      | Slain by Ijyb

Illustrated notes

Levels and vault maps discovered:
D:1:      kb_arrival_jail, layout_rooms, shapermc_ecumenical_altar_venn,
          serial_shops, nicolae_lakefront_shop
D:2:      minmay_skewed_foursquare, layout_loops_cross, minmay_tripent
D:3:      layout_basic, mainiacjoe_overflow_large_starburst,
          chequers_serial_rivers_micro_c
D:4:      gammafunk_wand_slinger, layout_basic,
          mainiacjoe_overflow_surrounded_room, minmay_temple_entry_tees,
          hangedman_decor_growths, minmay_mini_ossuary, uniq_ijyb

Skill      XL: |  1  2  3  4 |
---------------+-------------+-----
Spellcasting   | 5 6 |  6.4
Armour         | 1 |  1.0
Fighting       | 1 |  1.0
Conjurations   | 2 |  2.7
Dodging        | 3 |  3.0
Fire Magic     | 1 |  1.0
Stealth        | 3 |  3.0
Evocations     | 1 |  1.0
Summonings     | |  1.1
Translocations | |  1.1
Air Magic      | |  0.2
Poison Magic   | |  0.2

Action                   |  1- 3 |  4- 6 || total
-------------------------+-------+-------++-------
Melee: Staff             |    15 |    14 ||    29
       Dagger            |    12 |       ||    12
 Cast: Magic Dart        |   122 |    48 ||   170
       Conjure Flame     |       |     4 ||     4
       Mephitic Cloud    |       |     2 ||     2
Armor: Robe              |     7 |       ||     7
       Leather armour    |     7 |    10 ||    17
Dodge: Dodged            |    31 |    21 ||    52

Table legend: (Time is in decaauts)
 A = Elapsed time spent in this place.
 B = Non-inter-level travel time spent in this place.
 C = Inter-level travel time spent in this place.
 D = Time resting spent in this place.
 E = Time spent auto-exploring this place.
 F = Levels seen in this place.
 G = Mean time per level.
                   A        B        C        D        E       F      G
               +--------+--------+--------+--------+--------+-----+--------+
         Total |   3667 |   3616 |     51 |     87 |   3003 |   4 |  916.8 |
       Dungeon |   3667 |   3616 |     51 |     87 |   3003 |   4 |  916.8 |
               +--------+--------+--------+--------+--------+-----+--------+

Top non-repeatable levels by time:
     D:2: 1617 daAuts
     D:1: 1400 daAuts
     D:3: 353 daAuts
     D:4: 295 daAuts
